 Dungeon Crawl Stone Soup version 0.14-a0-3134-g2c86dbf (webtiles) character file.

53594 HollowCharge the Swashbuckler (level 14, -3/106 HPs)
             Began as a Vampire Enchanter on Mar 4, 2014.
             Was a High Priest of Ashenzari.
             Slain by a fire giant
             ... wielding a +1,+2 great sword of flaming
              (9 damage)
             ... on Level 11 of the Dungeon on Mar 8, 2014.
             The game lasted 03:48:59 (32611 turns).

HollowCharge the Swashbuckler (Vampire Enchanter)  Turns: 32611, Time: 03:49:07

HP  -3/106       AC 13     Str  7      XL: 14   Next: 26%
MP  16/31        EV 35     Int 20      God: Ashenzari [*****.]
Gold 1433        SH 15     Dex 30      Spells:  6 memorised, 13 levels left

rFire  . . .     SeeInvis +     r - +3,+0 cutlass (slice) (curse)
rCold  + + .     Clarity  +     K - +2 robe {rC+} (curse)
rNeg   . . .     Conserve .     m - +0 buckler (curse)
rPois  .         rCorr    .     (no helmet)
rElec  .         rRot     .     H - +0 cloak (curse)
SustAb . .       Spirit   .     e - +2 pair of gloves {Dex+3} (curse)
rMut   .         Warding  .     J - +0 pair of boots (curse)
Saprov . . .     Stasis   .     (no amulet)
MR     ++...                    T - +4 ring of dexterity
                                O - cursed ring of the Mage {Wiz MR+ Int+3}

@: regenerating quickly, invisible, agile, very slightly contaminated, very
resistant to hostile enchantments, extraordinarily stealthy
A: bottle blood, fangs 3, iridescent scales 1, see invisible, cold resistance 1,
wild magic 1, unbreathing
a: Bottle Blood, Scrying, Transfer Knowledge, Renounce Religion


You were on level 11 of the Dungeon.
You worshipped Ashenzari.
Ashenzari was extremely pleased with you.
You were full.

You visited 3 branches of the dungeon, and saw 22 of its levels.
You also visited: Labyrinth, Ossuary and Ice Cave.

You collected 1796 gold pieces.
You spent 363 gold pieces at shops.

Inventory:

Hand weapons
 i - a +4,+3 dagger of chaos
 r - a cursed +3,+0 cutlass of slicing (weapon)
Missiles
 d - 12 darts (quivered)
Armour
 e - a cursed +2 pair of gloves of dexterity (worn)
 m - a cursed +0 buckler (worn)
 u - a +2 shield of protection
 H - a cursed +0 cloak (worn)
 J - a cursed +0 pair of boots (worn)
 K - a cursed +2 robe of cold resistance (worn)
 R - a troll hide
 V - a +0 robe of magic resistance
 W - a +0 ring mail of magic resistance
Magical devices
 b - a wand of lightning (0)
 g - a wand of heal wounds (1)
 w - a wand of enslavement (10)
 A - a wand of slowing (4)
 F - a wand of disintegration (7)
 M - a wand of polymorph (14)
 N - a wand of teleportation (3)
 P - a wand of disintegration (3)
Scrolls
 p - a scroll of teleportation
 q - 2 scrolls of curse armour
 v - a scroll of amnesia
 x - 2 scrolls of identify
 B - 2 scrolls of fear
 D - a scroll of magic mapping
 Q - a scroll of enchant weapon II
 S - a scroll of vulnerability
Jewellery
 f - an uncursed ring of regeneration
 n - an uncursed amulet of stasis
 o - an uncursed ring of flight
 y - an uncursed ring of sustain abilities
 z - an uncursed ring of protection from cold
 O - the cursed ring of the Mage (left hand) {Wiz MR+ Int+3}
   (You found it in a labyrinth)

   [ring of wizardry]

   It affects your intelligence (+3).
   It affects your resistance to hostile enchantments.
   It has a curse placed upon it.
 T - a +4 ring of dexterity (right hand)
Potions
 a - 3 potions of flight
 h - 2 potions of heal wounds
 j - a potion of brilliance
 k - 2 potions of magic
 l - a potion of agility
 s - 2 potions of might
 C - 4 potions of curing
 E - 2 potions of invisibility
 G - a potion of cure mutation
 I - a potion of resistance


   Skills:
 + Level 8.5 Fighting
 + Level 15.1(18.6) Short Blades
 - Level 0.7 Throwing
 * Level 11.9(14.2) Dodging
 + Level 11.5(13.9) Stealth
 - Level 3.0(5.3) Shields
 - Level 9.0 Spellcasting
 - Level 13.1 Hexes


You had 13 spell levels left.
You knew the following spells:

 Your Spells              Type           Power        Failure   Level  Hunger
a - Corona                Hex            #######      1%          1    None
b - Ensorcelled Hibernat  Hex/Ice        ######       1%          2    None
c - Confuse               Hex            #######.     1%          3    None
d - Sure Blade            Hex/Chrm       ######....   1%          2    None
e - Enslavement           Hex            #######.     1%          4    ###....
f - Invisibility          Hex            #######.     6%          6    ######.


Dungeon Overview and Level Annotations

Branches:
Dungeon (13/16)            Temple (1/1) D:5             Orc (0/4) D:12
   Lair (8/8) D:8          Shoals (0/5) Lair:6       Spider (0/5) Lair:5
  Slime (0/6) Lair:7

Altars:
Ashenzari
Cheibriados
Dithmenos
Elyvilon
Fedhas
Kikubaaqudgha
Makhleb
Nemelex Xobeh
Okawaru
Sif Muna
Trog
Vehumet
Xom
Yredelemnul
Zin
The Shining One
Jiyva

Shops:
D:10 [


Innate Abilities, Weirdness & Mutations

Your natural rate of healing is unusually fast.
You can bottle blood from corpses.
You have razor-sharp teeth.*
You have supernaturally acute eyesight.
You can survive without breathing.*
You are partially covered in iridescent scales (AC +4).*
Your flesh is cold resistant.*+ Your spells are a little harder to cast, but a little more powerful.+


Message History

Confirm with . or Enter, or press ? or * to list all spells.
Aiming: Confuse
Press: ? - help, Shift-Dir - straight line, f - fire giant
Aim: a fire giant, wielding a great sword of flaming The fire giant resists.
The fire giant casts a spell at you. The bolt of fire misses you.
Casting: Confuse
Confirm with . or Enter, or press ? or * to list all spells.
Aiming: Confuse
Press: ? - help, Shift-Dir - straight line, f/p - fire giant
Aim: a fire giant, wielding a great sword of flaming The fire giant appears confused.
You strike the helpless fire giant from behind!
You chop the fire giant into pieces!!!
The fire giant is almost dead.
The fire giant hits you with a great sword of flaming!
* * * LOW HITPOINT WARNING * * *
The fire giant burns you!
You die...

#..........####.# #..........#
#.# #..........# #.#
#..........####.#
#...............#######
#.........%...........#
#...(.......########..#########
#
#########'.##...C..##..)..)...#
# #..#..#.@#..#.#######(# #
#..#._#..#C.#.# #.###
#..#..#..#..#.# #.#.#
#..#⌠.#..#.⌠#.# #.#%#
#..####''####.# #.#..
#....8#..#8...# #.#..
#....'[.%('...# #}###
#....8####8...# #.###
#.............# #.#..


You could see a fire giant (confused).

Vanquished Creatures
  A white draconian (IceCv)
  A minotaur (Lab)
  Fannar (Lair:6)
  4 hydras
  The ghost of Fengor the Nimble, an experienced MiGl of Okawaru (D:8)
  A centaur warrior (D:11)
  A deep troll (D:11)
  2 ice statues
  A cyclops (D:11)
  3 hill giants
  3 griffons
  A manticore (D:12)
  Maurice (D:11)
  2 black mambas
  9 elephants
  Psyche (D:11)
  A yaktaur (shapeshifter) (D:12)
  A feature mimic (Lair:6)
  A mermaid (Lair:6)
  A fire drake (Lair:7)
  A centaur zombie (D:11)
  6 komodo dragons
  11 spiny frogs
  26 blink frogs
  2 trolls (D:13)
  15 polar bears (IceCv)
  A two-headed ogre (D:10)
  A fire dragon zombie (D:12)
  3 trapdoor spiders
  2 sharks (Lair:5)
  A basilisk (D:13)
  A wraith (D:13)
  30 yaks
  Eustachio (D:4)
  4 elephant slugs
  A hill giant zombie (D:7)
  9 hippogriffs
  A wyvern (Lair:5)
  A hill giant skeleton (D:13)
  A gargoyle (D:12)
  3 vampire mosquitoes (D:13)
  Edmund (D:4)
  Menkaure (D:4)
  11 wolves
  12 porcupines
  A necrophage (D:9)
  2 phantoms
  2 yellow wasps
  A sky beast (D:9)
  4 ice beasts
  12 crocodiles
  2 giant goldfish (Lair:5)
  7 centaurs
  2 ogres (D:8)
  2 boring beetles
  6 orc warriors
  11 giant slugs
  Blork the orc (D:7)
  17 water moccasins
  17 giant frogs
  4 scorpions
  A troll skeleton (D:13)
  16 killer bees (D:8)
  14 wights
  A hippogriff skeleton (D:8)
  2 jellies
  A pulsating lump (Lair:6)
  6 crimson imps
  2 goliath beetles
  A big fish (Lair:5)
  8 orc priests
  A two-headed ogre zombie (D:13)
  2 electric eels (Lair:5)
  9 hounds
  2 quasits
  A gnoll shaman (D:5)
  A giant frog skeleton (D:4)
  10 orc wizards
  14 worker ants
  11 iguanas
  28 sheep
  2 hound skeletons
  Terence (D:3)
  11 mummies
  A worker ant zombie (D:9)
  17 gnolls
  20 green rats
  6 giant mites
  21 adders
  6 worms
  2 orc skeletons
  2 giant eyeballs
  9 giant geckos
  3 oozes
  49 orcs
  3 ball pythons
  24 bats
  4 giant cockroaches
  7 goblins
  18 hobgoblins
  14 jackals
  12 quokkas
  8 giant newts
  A giant spore (D:11)
  A hobgoblin skeleton (D:7)
  2 hobgoblin zombies
  14 kobolds
  A kobold skeleton (D:5)
  4 kobold zombies
  5 orc zombies
  18 rats
  A rat skeleton (D:7)
  13 ballistomycetes
  2 butterflies (Lair:3)
  2 fungi
709 creatures vanquished.

Vanquished Creatures (collateral kills)
  An orc (D:7)
1 creature vanquished.

Vanquished Creatures (others)
  3 giant spores
  2 fungi (Lair:6)
  A plant (Lair:6)
6 creatures vanquished.

Grand Total: 716 creatures vanquished

Notes
Turn   | Place    | Note
--------------------------------------------------------------
     0 | D:1      | HollowCharge, the Vampire Enchanter, began the quest for the Orb.
     0 | D:1      | Reached XP level 1. HP: 13/13 MP: 3/3
   179 | D:1      | Reached XP level 2. HP: 17/19 MP: 2/4
   499 | D:1      | Learned a level 2 spell: Ensorcelled Hibernation
  1247 | D:2      | Reached XP level 3. HP: 22/24 MP: 6/6
  2160 | D:2      | Reached XP level 4. HP: 30/30 MP: 7/7
  2533 | D:2      | Noticed a phantom
  2744 | D:3      | Found an iron altar of Okawaru.
  2765 | D:3      | Found a glowing golden altar of the Shining One.
  2993 | D:3      | Noticed Terence
  3001 | D:3      | Killed Terence
  3001 | D:3      | Reached XP level 5. HP: 35/35 MP: 6/9
  3061 | D:3      | Learned a level 3 spell: Confuse
  3086 | D:3      | Reached skill level 5 in Hexes
  3331 | D:4      | Noticed Eustachio
  3338 | D:4      | Killed Eustachio
  3338 | D:4      | Reached skill level 5 in Stealth
  3338 | D:4      | Reached XP level 6. HP: 37/41 MP: 8/11
  3637 | D:4      | Noticed Edmund
  3639 | D:4      | Noticed Menkaure
  3644 | D:4      | Killed Menkaure
  3672 | D:4      | HP: 1/41 [Edmund/glowing flail (8)]
  3699 | D:4      | Killed Edmund
  3699 | D:4      | Reached skill level 5 in Short Blades
  3699 | D:4      | Reached XP level 7. HP: 19/46 MP: 0/14
  3762 | D:4      | Reached skill level 6 in Hexes
  5160 | D:5      | Entered Level 5 of the Dungeon
  5407 | D:5      | Found a staircase to the Ecumenical Temple.
  5415 | Temple   | Entered the Ecumenical Temple
  5444 | Temple   | Became a worshipper of Ashenzari the Shackled
  5765 | D:5      | Found a sand-covered staircase.
  5953 | Ossuary  | Entered an ossuary
  6508 | Ossuary  | Reached XP level 8. HP: 49/52 MP: 5/17
  6602 | Ossuary  | Reached skill level 7 in Stealth
  7993 | D:6      | Reached skill level 5 in Dodging
  8558 | D:6      | Reached skill level 8 in Stealth
  8659 | D:6      | Upgraded the game from 0.14-a0-2950-gbe29d66 to 0.14-a0-2964-g8dc6adb
  8967 | D:7      | Found a burning altar of Makhleb.
  8971 | D:7      | Got the trident "Gesewuh" {venom, +Inv MR++}
  8973 | D:7      | Noticed Blork the orc
  8985 | D:7      | Learned a level 2 spell: Sure Blade
  8990 | D:7      | Learned a level 4 spell: Enslavement
  9083 | D:7      | Killed Blork the orc
  9095 | D:7      | Noticed an elf
  9098 | D:7      | Noticed a red wasp
  9384 | D:7      | Reached XP level 9. HP: 57/57 MP: 15/20
  9398 | D:7      | Noticed a swamp dragon
  9399 | D:7      | Found a shimmering altar of Xom.
  9399 | D:7      | Found a shimmering altar of Xom.
  9399 | D:7      | Noticed a giant orange brain
  9399 | D:7      | Noticed a moth of wrath
  9399 | D:7      | a giant orange brain changed into a moth of wrath
  9400 | D:7      | Found a shimmering altar of Xom.
  9400 | D:7      | Found a shimmering altar of Xom.
  9401 | D:7      | Found a shimmering altar of Xom.
  9401 | D:7      | Found a shimmering altar of Xom.
  9402 | D:7      | Found a shimmering altar of Xom.
  9402 | D:7      | Found a shimmering altar of Xom.
  9402 | D:7      | a swamp dragon changed into a merfolk
  9409 | D:7      | Noticed a cyclops
  9409 | D:7      | a merfolk changed into a cyclops
  9538 | D:7      | Found a blossoming altar of Fedhas.
  9674 | D:7      | Noticed an unseen horror
 10239 | D:8      | Reached skill level 5 in Spellcasting
 10392 | D:8      | Reached skill level 9 in Stealth
 10425 | D:8      | Gained mutation: You occasionally shout uncontrollably. [potion of mutation]
 10428 | D:8      | Lost mutation: You occasionally shout uncontrollably. [potion of cure mutation]
 10431 | D:8      | Gained mutation: Your spells are a little harder to cast, but a little more powerful. [potion of beneficial mutation]
 10432 | D:8      | Gained mutation: Your flesh is cold resistant. [potion of beneficial mutation]
 10450 | D:8      | Learned a level 6 spell: Invisibility
 10455 | D:8      | Found a staircase to the Lair.
 10455 | D:8      | Noticed an elephant
 10526 | D:8      | Noticed Fengor's ghost (experienced MiGl)
 10929 | D:8      | Reached skill level 1 in Fighting
 12950 | D:8      | Reached XP level 10. HP: 53/67 MP: 15/23
 13273 | D:8      | Killed Fengor's ghost
 13879 | D:9      | Reached skill level 10 in Short Blades
 14020 | D:9      | Noticed a griffon
 14021 | D:9      | Noticed a griffon
 14224 | D:9      | Noticed a hill giant
 14228 | D:9      | Killed a hill giant
 14277 | D:8      | Killed an elephant
 14337 | Lair:1   | Entered Level 1 of the Lair of Beasts
 14439 | Lair:1   | Reached skill level 10 in Hexes
 14463 | Lair:1   | Acquired Ashenzari's first power
 15295 | Lair:2   | Reached XP level 11. HP: 73/76 MP: 20/25
 15735 | Lair:2   | Reached skill level 11 in Short Blades
 16046 | Lair:2   | Noticed a black mamba
 16054 | Lair:2   | Killed a black mamba
 16326 | Lair:3   | Upgraded the game from 0.14-a0-2964-g8dc6adb to 0.14-a0-2986-gd1872aa
 16708 | Lair:3   | Acquired Ashenzari's second power
 16908 | Lair:3   | Noticed a five-headed hydra
 16917 | Lair:3   | Killed a six-headed hydra
 16951 | Lair:3   | Reached skill level 5 in Fighting
 17470 | Lair:4   | Reached skill level 12 in Short Blades
 18276 | Lair:5   | Reached XP level 12. HP: 86/86 MP: 25/27
 18312 | Lair:5   | Found a hole to the Spider Nest.
 19564 | Lair:6   | Found a staircase to the Slime Pits.
 19591 | Lair:6   | Acquired Ashenzari's third power
 19771 | Lair:6   | Reached skill level 13 in Short Blades
 19863 | Lair:6   | Found a staircase to the Shoals.
 19943 | Lair:6   | Found a labyrinth entrance.
 19975 | Lab      | Entered a labyrinth
 21545 | Lab      | Noticed a minotaur
 21549 | Lab      | Killed a minotaur
 22076 | Lair:6   | the staircase to the Slime Pits was a mimic.
 22108 | Lair:6   | Noticed Fannar
 22127 | Lair:6   | Killed Fannar
 22127 | Lair:6   | Reached skill level 10 in Dodging
 23428 | Lair:1   | Upgraded the game from 0.14-a0-2986-gd1872aa to 0.14-a0-3109-ga7442b6
 23609 | Lair:7   | Found a staircase to the Slime Pits.
 23610 | Lair:7   | Found a viscous altar of Jiyva.
 23722 | Lair:7   | Reached XP level 13. HP: 95/95 MP: 25/29
 24085 | Lair:7   | Noticed a four-headed hydra
 24120 | Lair:7   | Killed a five-headed hydra
 24292 | Lair:7   | Reached skill level 14 in Short Blades
 25173 | Lair:8   | Entered Level 8 of the Lair of Beasts
 26678 | D:10     | Entered Level 10 of the Dungeon
 26723 | D:10     | Found Qukli's Antique Armour Shoppe.
 26726 | D:10     | Bought a pair of glowing gloves for 121 gold pieces
 26726 | D:10     | Bought a pair of glowing gloves for 121 gold pieces
 26726 | D:10     | Bought a runed shield for 121 gold pieces
 27106 | D:10     | Paralysed by a giant eyeball for 2 turns
 27114 | D:10     | Paralysed by a giant eyeball for 2 turns
 27851 | D:11     | Noticed Psyche
 27869 | D:11     | Paralysed by Psyche for 7 turns
 27880 | D:11     | Killed Psyche
 27880 | D:11     | Reached skill level 10 in Stealth
 27880 | D:11     | Reached skill level 1 in Shields
 28052 | D:11     | Acquired Ashenzari's fourth power
 28529 | D:11     | Noticed Maurice
 28531 | D:11     | Killed Maurice
 28652 | D:12     | Found a frozen archway.
 28725 | IceCv    | Entered an ice cave
 29311 | IceCv    | Gained mutation: You are partially covered in iridescent scales (AC +4). [potion of beneficial mutation]
 29646 | IceCv    | Noticed a white draconian
 29675 | IceCv    | Killed a white draconian
 29675 | IceCv    | Reached skill level 15 in Short Blades
 29680 | IceCv    | Reached XP level 14. HP: 98/105 MP: 24/31
 29793 | IceCv    | Identified the +4,+3 great mace of Ytig Bemegg {speed, -Tele rF++ rN+}
 29793 | IceCv    | Identified the cursed +2,-1 glaive "Demonslayer" {venom, rN+ Stlth++}
 29876 | IceCv    | Identified the +6,+6 trident "Gesewuh" {venom, +Inv MR++} (You found it on level 7 of the Dungeon)
 30115 | D:12     | Found a staircase to the Orcish Mines.
 30163 | D:12     | Upgraded the game from 0.14-a0-3109-ga7442b6 to 0.14-a0-3134-g2c86dbf
 30263 | D:12     | Identified the +6,+4 mace of Weruama {drain, SInv} (You found it on level 12 of the Dungeon)
 32586 | D:11     | Found a glowing golden altar of the Shining One.
 32595 | D:11     | Found a radiant altar of Vehumet.
 32595 | D:11     | Noticed a fire giant
 32611 | D:11     | Slain by a fire giant

Action                   |  1- 3 |  4- 6 |  7- 9 | 10-12 | 13-15 || total
-------------------------+-------+-------+-------+-------+-------++-------
Melee: Dagger            |   112 |   129 |   584 |       |       ||   825
       Cutlass           |       |       |     6 |   470 |   796 ||  1272
 Cast: Corona            |     8 |     3 |    31 |     6 |    19 ||    67
       Ensorcelled Hiber |     5 |    20 |   158 |   336 |   223 ||   742
       Confuse           |       |     2 |    64 |    18 |    82 ||   166
       Sure Blade        |       |       |       |     1 |       ||     1
       Invisibility      |       |       |       |       |     1 ||     1
 Abil: Bottle Blood      |       |       |       |     4 |     4 ||     8
Evoke: Wand              |       |       |     6 |    15 |    28 ||    49
  Use: Potion            |       |     9 |     9 |     1 |     2 ||    21
       Scroll            |       |     5 |    17 |    13 |    13 ||    48
 Stab: Sleeping          |    11 |    16 |    81 |   195 |   101 ||   404
       Confused          |       |     1 |    22 |    10 |    45 ||    78
       Distracted        |       |       |     2 |       |     2 ||     4
       Held in net/web   |       |       |       |       |     3 ||     3
       Fleeing           |       |       |       |       |     1 ||     1
